 Dungeon Crawl Stone Soup version 0.29.1-1-gd02db6906a (webtiles) character file.

Game seed: 3555940532656329649

514 Godmorgon the Destroyer (level 7, -3/36 HPs)
             Began as a Tengu Conjurer on Oct 13, 2022.
             Killed by nerve-wracking pain
             ... invoked by an orc priest
              (10 damage)
             ... on level 4 of the Dungeon.
             The game lasted 00:10:13 (2825 turns).

Godmorgon the Destroyer (Tengu Conjurer)            Turns: 2825, Time: 00:10:13

Health: -3/36      AC:  2    Str:  7    XL:     7   Next: 20%
Magic:  3/14       EV: 14    Int: 21    God:
Gold:   132        SH:  0    Dex: 12    Spells: 12/15 levels left

rFire   + . .      SeeInvis .   b - staff of fire
rCold   + . .      Faith    .   (no shield)
rNeg    . . .      Spirit   .   u - +0 robe
rPois   .          Reflect  .   (helmet restricted)
rElec   .          Harm     .   (no cloak)
rCorr   +          Rampage  .   (no gloves)
Will    .....                   (boots unavailable)
Stlth   ++........              (no amulet)
HPRegen 0.12/turn               j - ring of protection from cold
MPRegen 0.14/turn               m - ring of resist corrosion

@: flying quickly and evasively, quick
A: beak, talons 3, nimble flight
a: no special abilities


You were on level 4 of the Dungeon.
You visited 1 branch of the dungeon, and saw 4 of its levels.
You also visited: Sewer.

You collected 132 gold pieces.

Inventory:

Hand Weapons
 a - a +1 whip of draining
Missiles
 g - 14 poisoned darts
 o - 2 curare-tipped darts
Armour
 u - a +0 robe (worn)
Magical Staves
 b - a staff of fire (weapon)
Jewellery
 j - a ring of protection from cold (left hand)
 m - a ring of resist corrosion (right hand)
Scrolls
 c - a scroll of amnesia {unknown}
 f - 2 scrolls of enchant armour
 k - a scroll of magic mapping
 l - a scroll of poison {unknown}
 q - 2 scrolls of blinking {unknown}
 r - a scroll of butterflies {unknown}
 t - a scroll of fear {unknown}
 w - a scroll of enchant weapon {unknown}
Potions
 d - a potion of haste {unknown}
 e - 2 potions of magic
 h - a potion of resistance {unknown}
 i - a potion of heal wounds
 n - 2 potions of curing {unknown}
 p - a potion of flight {unknown}
 s - 2 potions of mutation {unknown}
 v - a potion of invisibility {unknown}


   Skills:
 - Level 2.1 Dodging
 - Level 2.0 Stealth
 + Level 4.5 Spellcasting
 * Level 9.3 Conjurations


You had 12 spell levels left.
You knew the following spells:

 Your Spells              Type           Power      Damage    Failure   Level
d - Magic Dart            Conj           100%       1d8       1%          1
s - Searing Ray           Conj           86%        2d7       1%          2

Your spell library contained the following spells:

 Spells                   Type           Power      Damage    Failure   Level
 Dazzling Flash           Conj/Hex       48%        N/A       4%          3
 Apportation              Tloc           8%         N/A       12%         1
 Necrotise                Necr           16%        1d4       12%         1
 Summon Small Mammal      Summ           16%        N/A       12%         1
 Fulminant Prism          Conj/Hex       12%        3d9       17%         4
 Iskenderun's Mystic Bla  Conj/Tloc      24%        2d7       17%         4
 Gell's Gravitas          Tloc           4%         N/A       34%         3
 Teleport Other           Tloc           4%         N/A       34%         3
 Dispersal                Tloc           2%         N/A       100%        6


Dungeon Overview and Level Annotations

Branches:
Dungeon (4/15)              Sewer (visited)
 Temple: D:4-7

Altars:
Kikubaaqudgha


Innate Abilities, Weirdness & Mutations

You have a beak for a mouth.
You have claws for feet.
Your magical nature lets you fly swiftly and evasively.


Message History

You finish channelling your searing ray.
Casting: Searing Ray (safe; 1% risk of failure)
Confirm with . or Enter, or press ? or * to list all spells.
Aiming: Searing Ray (safe; 1% risk of failure)
Press: ? - help, Shift-Dir - straight line The searing ray hits the gnoll!
You kill the gnoll! (Press . to maintain the ray.)
A gnoll comes into view. It is wielding a +0 whip.
The searing ray hits something!
The gnoll shouts!
You hear some strange, mumbled words.
A magic dart appears from out of thin air!
The magic dart hits you!
You finish channelling your searing ray.
Something hits you but does no damage.
Casting: Searing Ray (safe; 1% risk of failure)
Confirm with . or Enter, or press ? or * to list all spells.
Aiming: Searing Ray (safe; 1% risk of failure)
Press: ? - help, Shift-Dir - straight line
Okay, then.
Unknown command.
Okay, then.
You barely miss something. You claw something.
You hear a splash. x2
Reactivating autopickup.
You feel a bit more experienced.
The orc priest mumbles some strange prayers to Beogh against you.
Beogh smites you!
The orc priest mumbles some strange prayers to Beogh against you.
Pain shoots through your body!
* * * LOW HITPOINT WARNING * * *
Items here: )) [[ †.
The orc priest misses you.
Things that are here:
a +0 spear; a gnoll corpse You hit the orc priest.
The orc priest is lightly wounded.
The orc priest calls down the wrath of Beogh upon you.
Pain shoots through your body!
You die...

,,,,,,,,,,,,,,,,,,,,,,,,,,,,,,*,*
,,,,,,,,.......##.#**********,*,*
**,,,,,.........#.# *,,,*
**,,,,*#........#.# ###### *,,,*
***,,,,......o..#.###....# *,*,*
,,*,,,,..................# *,*,*
,,,,,,,...>....#######...# *,*.#
,,**,,,.......g#~~~~~#..#* *,*.#
,,**,**##......o@).~~#..# *,..#
,,**,,,........#~~~~~#..#####,..#
****,,,........#######..÷÷..#._.#
,,,,,,,................####.#...#
,,,,,,,.............#### #......
,*,,,,,.............# #.#.♣.#
***,,,,....##.#.#.### #.#.♣,*
*_***,,.##........# #.#,♣,*
,,,**,***#.#......# #.#,*,*


You could see an orc priest, a gnoll and an orc.

Vanquished Creatures
  3 kobold brigands (Sewer)
  A necrophage (D:4)
  2 orc wizards (D:4)
  2 gnolls (D:4)
  11 adders
  2 river rats (Sewer)
  2 worms (Sewer)
  A dart slug (D:2)
  2 orcs (D:4)
  4 endoplasms
  6 giant cockroaches
  3 goblins
  2 hobgoblins (D:1)
  A quokka (D:1)
  4 ball pythons (D:1)
  4 bats
  4 frilled lizards
  10 kobolds
  6 rats
70 creatures vanquished.

Notes
Turn   | Place    | Note
-------+----------+-------------------------------------------
     0 | D:1      | Godmorgon the Tengu Conjurer began the quest for the Orb.
     0 | D:1      | Reached XP level 1. HP: 10/10 MP: 4/4
   267 | D:1      | Reached XP level 2. HP: 15/15 MP: 4/6
   297 | D:1      | Learned a level 2 spell: Searing Ray
  1066 | D:2      | Reached XP level 3. HP: 19/19 MP: 0/8
  1422 | D:2      | Reached skill level 6 in Conjurations
  1654 | D:2      | You fall into a shaft and drop 1 floor!
  1688 | D:3      | Found a faded altar of an unknown god.
  1724 | D:4      | Reached XP level 4. HP: 18/24 MP: 0/9
  1763 | D:4      | Found an ancient bone altar of Kikubaaqudgha.
  1768 | D:4      | Found a glowing drain.
  1775 | D:4      | Noticed a necrophage
  1792 | D:4      | Killed a necrophage
  1793 | D:4      | Reached skill level 7 in Conjurations
  1793 | D:4      | Gained mutation: Your magical nature lets you fly swiftly
                  | and evasively. [Tengu growth]
  1793 | D:4      | Reached XP level 5. HP: 16/28 MP: 1/11
  1975 | Sewer    | Entered a sewer
  2066 | Sewer    | Noticed a kobold brigand
  2077 | Sewer    | Killed a kobold brigand
  2078 | Sewer    | Reached skill level 8 in Conjurations
  2078 | Sewer    | Reached XP level 6. HP: 32/32 MP: 2/12
  2697 | Sewer    | Reached skill level 9 in Conjurations
  2697 | Sewer    | Reached XP level 7. HP: 36/36 MP: 11/14
  2825 | D:4      | Killed from afar by an orc priest

Illustrated notes

Levels and vault maps discovered:
D:1:      beargit_arrival_diablo_church, layout_basic, serial_forest,
          infiniplex_forest_clump_long, infiniplex_forest_clump_curved,
          infiniplex_forest_clump_small, infiniplex_forest_lined_2,
          infiniplex_forest_clump_curved, infiniplex_forest_corner_1,
          infiniplex_forest_clump_diagonal, infiniplex_forest_straight_2,
          infiniplex_forest_straight_3, infiniplex_forest_straight_5
D:2:      layout_basic, small_statue_intersection
D:3:      layout_rooms, basic_ecumenical_altar
D:4:      layout_basic, grunt_temple_overflow_diamond,
          mainiacjoe_overflow_boulevard, gammafunk_ghost_mausoleum,
          gup_sewer_entry_glass, uniq_natasha

Skill      XL: |  1  2  3  4  5  6 |
---------------+-------------------+-----
Spellcasting   | 3 4 |  4.5
Conjurations   | 6 7 8 9 |  9.3
Dodging        | |  2.1
Stealth        | |  2.0

Action                   |  1- 3 |  4- 6 |  7- 9 || total
-------------------------+-------+-------+-------++-------
Melee: Staff             |       |     2 |     2 ||     4
       Kick              |       |     1 |     1 ||     2
 Cast: Magic Dart        |    23 |       |       ||    23
       Searing Ray       |    22 |    16 |     4 ||    42
  Use: Scroll            |     4 |     1 |       ||     5
       Potion            |       |     1 |       ||     1
Armor: Robe              |       |     2 |     1 ||     3
Dodge: Dodged            |     4 |    14 |     1 ||    19
